 Dungeon Crawl Stone Soup version 0.27.0-1-g7a089689b8 (webtiles) character file.

Game seed: 15515831776863863367

75 sanka the Chopper (level 4, -2/37 HPs)
             Began as a Palentonga Abyssal Knight on Aug 16, 2021.
             Was a Believer of Lugonu.
             Slain by an iron imp (4 damage)
             ... summoned by Natasha
             ... on level 2 of the Dungeon.
             The game lasted 00:02:26 (1497 turns).

sanka the Chopper (Palentonga Abyssal Knight)       Turns: 1497, Time: 00:02:27

Health: -2/37      AC:  7    Str: 16    XL:     4   Next: 11%
Magic:  5/5        EV:  4    Int: 13    God:    Lugonu [**....]
Gold:   17         SH:  0    Dex:  9    Spells: 3/3 levels left

rFire    . . .     SeeInvis +   a - +1 hand axe
rCold    . . .     Faith    .   (no shield)
rNeg     . . .     Spirit   .   c - +0 chain mail
rPois    .         Reflect  .   (no helmet)
rElec    .         Harm     .   (no cloak)
rCorr    .         Rampage  .   (no gloves)
Will     .....                  (no barding)
Stlth    ..........             (no amulet)
HPRegen  0.12/turn              (no ring)
MPRegen  0.09/turn              e - ring of wizardry

@: lethally poisoned (-2 -> -6), slowed, very slow
A: large, rugged brown scales 3, see invisible, deformed body, roll 1, armoured
tail
a: Rolling Charge, Renounce Religion, Depart the Abyss, Bend Space


You were on level 2 of the Dungeon.
You worshipped Lugonu.
Lugonu was pleased with you.
You visited 1 branch of the dungeon, and saw 2 of its levels.
You visited the Abyss 1 time.

You collected 17 gold pieces.


Innate Abilities, Weirdness & Mutations

You are completely covered in rugged brown scales. (AC +3, +7% HP)
You have supernaturally acute eyesight. (SInv)
Armour fits poorly on your strangely shaped body.
You can roll at nearby foes to attack.
You have a long armoured tail.


   Skills:
 - Level 3.0 Fighting
 + Level 4.4 Axes
 - Level 1.5 Armour
 - Level 0.7 Dodging
 + Level 2.0 Invocations


You had 3 spell levels left.
You didn't know any spells.
Your spell library was empty.

Inventory:

Hand Weapons
 a - a +1 hand axe (weapon)
Missiles
 f - 6 curare-tipped darts {=f}
Armour
 b - a +0 leather armour
 c - a +0 chain mail (worn)
Jewellery
 e - a ring of wizardry (right hand)
Scrolls
 h - a scroll of identify {unknown}
Potions
 d - a potion of might {unknown}
 g - a potion of brilliance {unknown}

Dungeon Overview and Level Annotations

Branches:
Dungeon (2/15)

Altars:

Annotations:
D:2 Natasha

▒▒▒▒
▒.▒.......▒▒▒
.....▒!▒.......▒
.....▒.▒.......▒
.....'.........▒
....▒...▒▒▒▒▒▒▒
.. ▒...▒ ▒.[.▒
▒..S▒ ▒..H▒
▒.5Bh......
▒▒.5.......
▒...5.....
▒.........
▒.........
▒.........
▒.........


You could see an iron imp (summoned), Natasha, 2 crimson imps, an adder and a
giant cockroach.


Message History

The giant cockroach bites you but does no damage.
The crimson imp summons a swarm of flies.
Natasha claws you but does no damage. The adder bites you but does no damage.
Unknown command.
You closely miss Natasha.
Natasha is moderately wounded.
You closely miss the adder. You hit the iron imp.
You closely miss the giant cockroach.
The giant cockroach bites you but does no damage.
The iron imp hits you but does no damage.
Natasha claws you!
* * * LOW HITPOINT WARNING * * *
The adder bites you but does no damage.
The giant cockroach bites you but does no damage.
You completely miss Natasha.
Your tail-slap misses Natasha.
Natasha is moderately wounded.
You completely miss the giant cockroach.
You hit the iron imp. You miss the adder. The adder bites you.
* * * LOW HITPOINT WARNING * * *
You are lethally poisoned!
The adder poisons you! Natasha casts a spell at you.
You feel yourself slow down. The iron imp hits you.
You die...

Action                   |  1- 3 |  4- 6 || total
-------------------------+-------+-------++-------
Melee: Hand axe          |   123 |    14 ||   137
       Tailslap          |     9 |     1 ||    10
Armor: Chain mail        |    98 |    13 ||   111
Dodge: Dodged            |    23 |     2 ||    25

Levels and vault maps discovered:
D:1:      tarquinn_simple_flora_water_c, layout_loops_cross
D:2:      layout_basic, uniq_natasha

Notes
Turn   | Place    | Note
-------+----------+-------------------------------------------
     0 | Abyss:1  | sanka the Palentonga Abyssal Knight began the quest for the
                  | Orb.
     0 | Abyss:1  | Reached XP level 1. HP: 19/19 MP: 2/2
    17 | D:1      | Escaped the Abyss
   306 | D:1      | Reached XP level 2. HP: 20/25 MP: 3/3
   313 | D:1      | Reached skill level 3 in Axes
   670 | D:1      | Reached ** piety under Lugonu
   878 | D:1      | Reached XP level 3. HP: 31/31 MP: 4/4
  1391 | D:2      | Noticed Natasha
  1398 | D:2      | Killed Natasha
  1399 | D:2      | Reached skill level 4 in Axes
  1399 | D:2      | Reached XP level 4. HP: 33/37 MP: 5/5
  1484 | D:2      | Noticed Natasha
  1497 | D:2      | HP: 2/37 [adder (2)]
  1497 | D:2      | Slain by an iron imp

Vanquished Creatures
  Natasha (D:2)
  2 dart slugs (D:1)
  3 bats
  4 endoplasms
  2 giant cockroaches
  4 goblins
  7 hobgoblins
  2 jackals (D:1)
  3 quokkas (D:1)
  5 ball pythons
  A frilled lizard (D:1)
  5 kobolds (D:1)
  2 rats
41 creatures vanquished.
